 Dungeon Crawl Stone Soup version 0.17-a0-1184-gb75be8f (webtiles) character file.

72 Hanyuu the Insei (level 4, -4/28 HPs)
             Began as an Octopode Transmuter on June 1, 2015.
             Slain by Robin
             ... wielding a +0 spear
              (6 damage)
             ... on level 3 of the Dungeon.
             The game lasted 00:05:11 (2305 turns).

Hanyuu the Insei (Octopode Transmuter)              Turns: 2305, Time: 00:05:11

Health: -4/28      AC:  1    Str:  9    XL:     4   Next: 26%
Magic:  16/16      EV: 12    Int: 16    God:
Gold:   129        SH:  0    Dex: 12    Spells: 3 memorised, 1 level left

rFire  . . .     SeeInvis +       - Unarmed
rCold  . . .     Clarity  .     (no shield)
rNeg   . . .     SustAt   .     (helmet restricted)
rPois  .         Gourm    .     u - amulet of stasis
rElec  .         Spirit   .     j - ring of magical power
rCorr  .         Warding  .     l - ring of see invisible
rMut   .         Stasis   +     (no ring)
MR     .....                    (no ring)
Stlth  ++........               (no ring)
                                (no ring)
                                (no ring)
                                (no ring)

@: lethally poisoned (-4 -> -6), not resistant to hostile enchantments,
unstealthy
A: almost no armour, amphibious, 8 rings, constrict 8, camouflage 1, gelatinous
body 1
a: no special abilities


You were on level 3 of the Dungeon.
You were hungry.

You visited 1 branch of the dungeon, and saw 3 of its levels.

You collected 129 gold pieces.

Inventory:

Missiles
 a - 43 arrows
Jewellery
 h - an uncursed amulet of resist corrosion
 j - a ring of magical power (left tentacle)
 l - a ring of see invisible (right tentacle)
 u - an amulet of stasis (around mantle)
Scrolls
 d - 3 scrolls of remove curse {unknown}
 e - 2 scrolls of identify {unknown}
 k - a scroll of noise {unknown}
 m - a scroll of magic mapping {unknown}
 n - a scroll of fog {unknown}
 o - a scroll of random uselessness {unknown}
 r - a scroll of enchant armour {unknown}
 s - a scroll of blinking {unknown}
 v - a scroll of teleportation {unknown}
Potions
 i - a potion of haste {unknown}
 p - 2 potions of agility {unknown}
 q - a potion of lignification {unknown}
Books
 b - a book of Changes

   Spells                             Type                      Level
   a - Beastly Appendage              Transmutation                1
   b - Sticks to Snakes               Transmutation                2
   c - Spider Form                    Transmutation/Poison         3
   d - Ice Form                       Ice/Transmutation            4
   e - Blade Hands                    Transmutation                5
Comestibles
 c - 2 bread rations
 f - 3 meat rations
 g - a slice of pizza


   Skills:
 - Level 1.0 Fighting
 - Level 2.0 Dodging
 * Level 4.6 Unarmed Combat
 - Level 2.0 Spellcasting
 + Level 2.2 Transmutations
 - Level 1.0 Poison Magic


You had one spell level left.
You knew the following spells:

 Your Spells              Type           Power        Failure   Level  Hunger
a - Beastly Appendage     Trmt           #.....       10%         1    #......
b - Sticks to Snakes      Trmt           #.........   14%         2    ###....
c - Spider Form           Trmt/Pois      #.........   34%         3    ###....


Dungeon Overview and Level Annotations

Branches:
Dungeon (3/15)

Altars:
Sif Muna
Yredelemnul
The Shining One

Annotations:
D:3 Robin


Innate Abilities, Weirdness & Mutations

You cannot wear most types of armour.
You are amphibious.
You can wear up to eight rings at the same time.
You can use your tentacles to constrict eight enemies at once.
Your skin changes colour to match your surroundings (Stealth).
Your rubbery body absorbs attacks (AC +1).


Message History

You kill the goblin!
You feel sick. The adder barely misses you. The goblin hits you with a dagger.
You barely miss the adder. Your grab misses the adder.
The adder closely misses you. The goblin closely misses you.
The adder bites you.
A hobgoblin comes into view.
You closely miss the adder.
The hobgoblin shouts!
Your grab misses the adder. You squeeze the adder.
The adder is lightly wounded.
The goblin hits you with a dagger. The adder bites you.
* * * LOW HITPOINT WARNING * * *
Robin closely misses you.
You are too injured to fight recklessly!
You are too injured to fight recklessly!
You barely miss the goblin. Your grab misses the goblin.
You feel sick. The adder closely misses you. The goblin hits you with a dagger.
* * * LOW HITPOINT WARNING * * *
Robin hits you from afar with a spear.
You die...

..# #.# #g#
#.# #g# #g#
#######)####.#
.......@S....#
#######g######
....$!...#
.######..#
#<...#†.#
###.##..#
#.....#.#
#..#....#
#..######


You could see Robin, an adder, 2 hobgoblins and a goblin (frenzied).

Vanquished Creatures
  An adder (D:2)
  A worm (D:2)
  2 giant geckos
  10 bats
  4 giant cockroaches (D:2)
  12 goblins
  4 hobgoblins
  5 jackals (D:2)
  3 ball pythons
  4 giant newts
  6 kobolds
  3 rats (D:1)
55 creatures vanquished.

Notes
Turn   | Place    | Note
--------------------------------------------------------------
     0 | D:1      | Hanyuu the Octopode Transmuter began the quest for the Orb.
     0 | D:1      | Reached XP level 1. HP: 13/13 MP: 3/3
   186 | D:1      | Reached XP level 2. HP: 15/18 MP: 5/5
   498 | D:1      | Reached skill level 4 in Unarmed Combat
   860 | D:1      | Reached XP level 3. HP: 12/23 MP: 6/6
   864 | D:1      | Learned a level 2 spell: Sticks to Snakes
   868 | D:1      | Learned a level 3 spell: Spider Form
  1619 | D:2      | Found a deep blue altar of Sif Muna.
  1636 | D:2      | Reached skill level 1 in Poison Magic
  1849 | D:2      | Reached XP level 4. HP: 20/28 MP: 7/7
  2121 | D:2      | Found a basalt altar of Yredelemnul.
  2123 | D:2      | Noticed a profane servitor
  2138 | D:2      | Found a glowing golden altar of the Shining One.
  2140 | D:2      | Noticed an angel
  2297 | D:3      | Noticed Robin
  2305 | D:3      | Slain by Robin

Vault maps used:
D:1:      tarquinn_simple_flora_water_e, grunt_decor_one_mirror,
          grunt_decor_fettered, kennysheep_doodads
D:2:      grunt_temple_overflow_holy_war, nicolae_overflow_crystal_walls,
          serial_forest, infiniplex_forest_lined_room_,
          infiniplex_forest_straight_4, infiniplex_forest_3_way,
          infiniplex_forest_end_double, infiniplex_forest_corner_2,
          infiniplex_forest_straight_4, infiniplex_forest_clump_small,
          infiniplex_forest_lined_ring, infiniplex_forest_zigzag_1
D:3:      grunt_qazlal_clouds, uniq_robin

Action                   |  1- 3 |  4- 6 || total
-------------------------+-------+-------++-------
Melee: Unarmed           |    87 |    30 ||   117
 Cast: Spider Form       |     2 |       ||     2
       Beastly Appendage |       |     1 ||     1
 Stab: Sleeping          |     7 |       ||     7
  Eat: Chunk             |     3 |     1 ||     4
